 Dungeon Crawl Stone Soup version 0.17.1-3-g152610e (webtiles) character file.

6423 Jerry the Protected (level 10, -1/66 HPs)
             Began as a Demigod Fighter on Mar 31, 2016.
             Slain by an unseen horror (5 damage)
             ... on level 10 of the Dungeon.
             The game lasted 00:42:19 (9301 turns).

Jerry the Protected (Demigod Fighter)               Turns: 9301, Time: 00:42:19

Health: -1/66      AC: 12    Str: 23    XL:     10   Next: 40%
Magic:  13/13      EV:  8    Int: 12    God:
Gold:   473        SH: 13    Dex: 20    Spells: 0 memorised, 9 levels left

rFire  . . .     SeeInvis .     q - +4 mace (protect)
rCold  . . .     Clarity  .     b - +0 scale mail
rNeg   + . .     SustAt   +     o - +1 shield
rPois  +         Gourm    .     (helmet restricted)
rElec  .         Spirit   .     (no cloak)
rCorr  .         Warding  +     (no gloves)
rMut   .         Stasis   .     x - +0 pair of boots
MR     ++...                    Q - amulet of warding
Stlth  ++........               v - ring of poison resistance
                                c - ring of stealth

@: agile, very resistant to hostile enchantments, unstealthy
A: horns 1, icy blue scales 1, blink, deformed body, frail 1, high mp 1, magic
resistance 1, slow regeneration 1, weak 1, subdued magic 1, sustain attributes
a: Blink


You were on level 10 of the Dungeon.
You were not hungry.

You visited 1 branch of the dungeon, and saw 10 of its levels.

You collected 473 gold pieces.

Inventory:

Hand Weapons
 n - a +1 whip of venom
 q - a +4 mace of protection (weapon)
 N - a cursed -2 mace
Armour
 b - a +0 scale mail (worn)
 o - a +1 shield (worn)
 x - a +0 pair of boots (worn)
 B - a +0 plate armour
Jewellery
 c - a ring of stealth (left hand)
 g - an uncursed amulet of guardian spirit
 k - an uncursed ring of wizardry
 v - a ring of poison resistance (right hand)
 w - a +5 ring of intelligence
 Q - an amulet of warding (around neck)
Wands
 s - a wand of magic darts (17)
 A - a wand of digging (12)
 C - a wand of confusion (13)
 D - a wand of paralysis (11)
 H - a wand of random effects (18)
 J - a wand of hasting (4)
 L - a wand of lightning (5)
 P - a wand of digging (15)
Scrolls
 i - a scroll of enchant weapon {unknown}
 p - 8 scrolls of identify
 r - 3 scrolls of immolation
 y - 5 scrolls of remove curse
 E - a scroll of fear
 F - 3 scrolls of enchant armour
 I - a scroll of recharging
 K - a scroll of fog {unknown}
 M - 2 scrolls of amnesia {unknown}
 R - a scroll of holy word {unknown}
Potions
 u - 3 potions of flight
 z - 3 potions of brilliance
Comestibles
 a - 4 fruits
 d - a slice of pizza
 e - 3 bread rations
 h - 10 meat rations
 l - a royal jelly
 O - 4 chunks of flesh


   Skills:
 - Level 2.6 Fighting
 + Level 8.8 Maces & Flails
 + Level 9.1 Armour
 + Level 9.1 Shields


You had 9 spell levels left.
You didn't know any spells.

Dungeon Overview and Level Annotations

Branches:
Dungeon (10/15)            Temple (0/1) D:4
   Lair: D:8-11         Orc: D:9-12

Shops:
D:5 *   D:6 *   D:7 (


Innate Abilities, Weirdness & Mutations

You have an increased reservoir of magic (+10% MP).
Your attributes are resistant to harm.
You have a pair of small horns on your head.
You are partially covered in icy blue scales (AC +1).
You can translocate small distances at will.
Armour fits poorly on your strangely shaped body.
You are frail (-10% HP).
You are resistant to hostile enchantments.
You regenerate slowly when monsters are visible.
You are weak. (Str -2)
Your spells are a little easier to cast, but a little less powerful.


Message History

* * * LOW HITPOINT WARNING * * *
You closely miss something. Something hits you.
* * * LOW HITPOINT WARNING * * *
Something barely misses you.
You blink.
You feel slightly more hungry. Something hits you.
* * * LOW HITPOINT WARNING * * *
You don't have enough health at the moment.
Drink which item? (? for menu, Esc to quit)
You feel better. You block its attack.
You blink.
You feel slightly more hungry. Something hits you.
* * * LOW HITPOINT WARNING * * *
You don't have enough health at the moment.
Read which item? (? for menu, Esc to quit)
As you read the scroll of fear, it crumbles to dust.
You assume a fearsome visage.
Something hits you but does no damage.
There is an escape hatch in the ceiling here.
You can't go down here!
Something hits you but does no damage. Something hits you.
You die...

#.....######.....## ###
#...###...##.....####..
#...#...............#..
#...#...............#..
#...#...............'..
#...#...............#..
#...#.....##.......##..
####..)#.....##.......##..
#......'.@...##.......##..
#......#.....#........'...
#.....)#.....#........#...
#......#.....##.......####
##.....#.....##.......# .
#.....#.....##.......# .
#.....#.....##########
#.....#......#
#.....#......#


There were no monsters in sight!

Vanquished Creatures
  A hill giant (D:10)
  Sigmund (D:6)
  A deep elf mage (D:9)
  2 hippogriffs (D:9)
  A hungry ghost (D:10)
  A water moccasin (D:7)
  2 ice beasts
  4 centaurs
  3 sky beasts
  2 orc warriors (D:7)
  12 ogres
  3 big kobolds
  A crocodile (D:8)
  2 giant frogs
  Blork the orc (D:4)
  11 scorpions
  A wyvern skeleton (D:8)
  19 killer bees
  5 hounds
  3 crimson imps
  A giant frog zombie (D:5)
  2 iguanas
  3 jellies
  6 orc wizards
  A giant frog skeleton (D:10)
  4 orc priests
  11 worker ants
  8 adders
  7 gnolls (D:5)
  A shadow imp (D:10)
  An ooze (D:3)
  2 adder skeletons (D:7)
  An adder zombie (D:9)
  4 worms
  8 giant geckos
  29 orcs
  4 giant cockroaches
  8 goblins
  9 hobgoblins
  20 kobolds
  6 bats
  A giant cockroach zombie (D:5)
  2 giant gecko skeletons (D:6)
  4 giant newts
  20 jackals
  2 quokkas
  9 rats
250 creatures vanquished.

Notes
Turn   | Place    | Note
--------------------------------------------------------------
     0 | D:1      | Jerry the Demigod Fighter began the quest for the Orb.
     0 | D:1      | Reached XP level 1. HP: 18/18 MP: 3/3
   446 | D:1      | Reached XP level 2. HP: 25/25 MP: 4/4
   488 | D:1      | Reached skill level 3 in Armour
  1190 | D:2      | Reached XP level 3. HP: 30/30 MP: 5/5
  2187 | D:3      | Reached XP level 4. HP: 33/37 MP: 6/6
  2777 | D:4      | Gained mutation: You have sharp toenails. [potion of beneficial mutation]
  2787 | D:4      | Found a blossoming altar of Fedhas.
  2897 | D:4      | Noticed Blork the orc
  2903 | D:4      | Killed Blork the orc
  2903 | D:4      | Reached skill level 4 in Shields
  2903 | D:4      | Reached XP level 5. HP: 37/42 MP: 5/7
  2938 | D:4      | Found a staircase to the Ecumenical Temple.
  3346 | D:4      | Reached XP level 6. HP: 38/50 MP: 6/8
  3583 | D:4      | Noticed an ogre
  3593 | D:4      | Killed an ogre
  3803 | D:5      | Entered Level 5 of the Dungeon
  3830 | D:5      | Found a shimmering altar of Xom.
  3889 | D:5      | Found Dieguv's Assorted Antiques.
  4043 | D:5      | Reached XP level 7. HP: 56/56 MP: 9/9
  4052 | D:5      | Reached skill level 5 in Armour
  4052 | D:5      | Reached skill level 5 in Shields
  4211 | D:5      | Reached skill level 5 in Maces & Flails
  4572 | D:5      | Reached XP level 8. HP: 46/62 MP: 6/10
  4860 | D:5      | Reached skill level 6 in Armour
  4939 | D:6      | Noticed Sigmund
  4948 | D:6      | Killed Sigmund
  5169 | D:6      | Found Atoosilu's Assorted Antiques.
  5495 | D:7      | Gained mutation: You are partially covered in icy blue scales (AC +1). [mutagenic meat]
  5496 | D:7      | Gained mutation: You are frail (-10% HP). [mutagenic meat]
  5587 | D:7      | Found a snail-covered altar of Cheibriados.
  5884 | D:7      | Reached skill level 7 in Armour
  5890 | D:7      | Reached XP level 9. HP: 52/61 MP: 9/11
  5956 | D:7      | Gained mutation: You are weak. (Str -2) [mutagenic meat]
  5957 | D:7      | Lost mutation: You have sharp toenails. [mutagenic meat]
  5958 | D:7      | Gained mutation: You are resistant to hostile enchantments. [mutagenic meat]
  5959 | D:7      | Gained mutation: Armour fits poorly on your strangely shaped body. [mutagenic meat]
  5962 | D:7      | Found Taen's Antique Weapon Shop.
  6212 | D:8      | Found a shattered altar of Ashenzari.
  6214 | D:8      | Found an ancient bone altar of Kikubaaqudgha.
  6216 | D:8      | Found a snail-covered altar of Cheibriados.
  6246 | D:8      | Gained mutation: Your spells are a little easier to cast, but a little less powerful. [mutagenic meat]
  6247 | D:8      | Gained mutation: You have a pair of small horns on your head. [mutagenic meat]
  6249 | D:8      | Gained mutation: You can translocate small distances at will. [mutagenic meat]
  6250 | D:8      | Gained mutation: You regenerate slowly when monsters are visible. [mutagenic meat]
  6673 | D:8      | Reached skill level 8 in Armour
  7978 | D:9      | Reached XP level 10. HP: 21/66 MP: 4/13
  8806 | D:10     | Entered Level 10 of the Dungeon
  9010 | D:10     | Reached skill level 9 in Armour
  9188 | D:10     | Noticed a hill giant
  9194 | D:10     | Killed a hill giant
  9259 | D:10     | HP: 2/66 [something (6)]
  9289 | D:10     | HP: 2/66 [something (5)]
  9301 | D:10     | Slain by an unseen horror

Action                   |  1- 3 |  4- 6 |  7- 9 | 10-12 || total
-------------------------+-------+-------+-------+-------++-------
Melee: Flail             |   178 |    38 |       |       ||   216
       Whip              |    44 |   120 |       |       ||   164
       Mace              |       |    36 |   566 |   142 ||   744
 Abil: Blink             |       |       |       |     4 ||     4
  Use: Scroll            |     3 |    11 |     3 |     2 ||    19
       Potion            |       |     2 |     7 |     8 ||    17
 Stab: Sleeping          |       |       |     1 |       ||     1
  Eat: Chunk             |     4 |     7 |    27 |     6 ||    44
